 Dungeon Crawl Stone Soup version 0.14-a0-1876-g927fc3a (webtiles) character file.

795 Paddoo the Magician (level 7, 0/41 HPs)
             Began as a Gargoyle Wizard on Jan 15, 2014.
             Slain by an orc wizard
             ... wielding a +0,+1 orcish dagger
              (2 damage)
             ... while paralysed
             ... on Level 5 of the Dungeon.
             The game lasted 00:32:47 (4576 turns).

Paddoo the Magician (Gargoyle Wizard)               Turns: 4576, Time: 00:32:47

HP   0/41        AC 17     Str 11      XL: 7   Next: 49%
MP  18/18        EV  2     Int 20      God:
Gold 161         SH  0     Dex  8      Spells:  3 memorised, 10 levels left

rFire  . . .     SeeInvis .     t - -1,+1 orc flail
rCold  . . .     Clarity  .     y - +2 elf chain mail
rNeg   + + .     Conserve .     (no shield)
rPois  +         rCorr    .     b - +0 hat
rElec  +         rRot     +     (no cloak)
SustAb . .       Spirit   .     n - +0 pair of orc gloves
rMut   .         Warding  .     (no boots)
Saprov . . .     Stasis   .     (no amulet)
MR     .....                    m - ring of teleport control
                                g - ring of positive energy

@: paralysed, exhausted, slowed, not resistant to hostile enchantments,
extremely unstealthy
A: life protection 1, electricity resistance, unbreathing, petrification
resistance, AC +4
a: Evoke Teleport Control


You were on level 5 of the Dungeon.
You were hungry.

You visited 1 branch of the dungeon, and saw 5 of its levels.

You collected 161 gold pieces.

Inventory:

Hand weapons
 t - a -1,+1 orcish flail (weapon)
Missiles
 l - 16 arrows of flame
Armour
 b - a +0 hat (worn)
 n - a +0 pair of orcish gloves (worn)
 y - a +2 elven chain mail (worn)
Comestibles
 d - 4 bread rations
 j - 3 meat rations
 w - 3 chokos
Scrolls
 a - a scroll of curse armour {unknown}
 f - 2 scrolls of identify
 i - 2 scrolls of teleportation {unknown}
 o - a scroll of noise {unknown}
 q - a scroll of recharging {unknown}
 s - a scroll of curse weapon {unknown}
Jewellery
 g - a ring of positive energy (left hand)
 m - a ring of teleport control (right hand)
 r - an uncursed ring of protection from magic
Potions
 e - 2 potions of curing
 h - a potion of agility
 k - a potion of flight
 p - 3 potions of heal wounds
 z - a potion of restore abilities {unknown}
Books
 c - a book of Minor Magic

   Spells                             Type                      Level
   *Magic Dart                        Conjuration                  1
   *Blink                             Translocation                2
   Call Imp                           Summoning                    2
   *Repel Missiles                    Charms/Air                   2
   Slow                               Hexes                        2
   Conjure Flame                      Conjuration/Fire             3
   Mephitic Cloud                     Conjuration/Poison/Air       3


   Skills:
 * Level 3.6 Fighting
 * Level 2.6 Maces & Flails
 * Level 3.2 Armour
 - Level 2.1 Dodging
 - Level 2.1 Stealth
 - Level 4.9 Spellcasting
 - Level 3.2 Conjurations
   Level 0.8 Summonings
 - Level 1.0 Translocations


You had 10 spell levels left.
You knew the following spells:

 Your Spells              Type           Power        Failure   Level  Hunger
a - Magic Dart            Conj           ###.         90%         1    None
b - Blink                 Tloc           N/A          100%        2    None
c - Repel Missiles        Chrm/Air       #.........   100%        2    None


Dungeon Overview and Level Annotations

Branches:
Dungeon (5/16)
 Temple: D:4-7

Altars:
Makhleb
Zin


Innate Abilities, Weirdness & Mutations

You are resistant to torment.
You are immune to poison.
Your stone body is very resilient (AC +4).
You resist negative energy.
You are resistant to electric shocks.
You can survive without breathing.
You are immune to petrification.


Message History

The iguana bites you.
* * * LOW HITPOINT WARNING * * *
The orc hits you but does no damage.
The orc wizard mumbles some strange words.
The orc wizard blinks!
The orc hits you but does no damage.
The iguana hisses menacingly.
The iguana bites you but does no damage.
The orc barely misses you.
Your chain mail prevents you from hitting the iguana.
The iguana is heavily wounded.
You are no longer berserk.
You pass out from exhaustion.
You feel as though you will be slow longer.
You are feeling hungry.
The orc barely misses you. The orc hits you but does no damage.
The iguana bites you but does no damage.
The orc hits you but does no damage. The orc hits you but does no damage.
The orc wizard hits you with an orcish dagger.
You die...

#>..###.## ####......
##...##...# ............
#..)....#.# .###.....))
#...o##...# #.#.##.#
#.##.....##### #.###...
#.##.###.ยง...# .. #...
#............###.#.....###...
#..#.###...oooo.............#
#..#.# #...o@##### .........
#..... #...lo# .......(. #
#..##.###.#### ........
#........>.... ........
#.#.###..#..#.## ..........
#.......#...#.# ............
########.#..#.# ............
#.#..#.# ............
#.#..#%# ....<###.##


You could see an iguana, 2 orc wizards and 4 orcs.

Vanquished Creatures
  The ghost of Zuul the Charmwright, an average DsSk (D:4)
  A phantom (D:4)
  3 orc priests
  3 orc wizards
  A worker ant (D:4)
  4 gnolls (D:4)
  5 adders
  A giant mite (D:2)
  4 worms
  4 giant geckos
  An ooze (D:5)
  18 orcs
  12 bats
  14 hobgoblins
  7 jackals
  3 ball pythons
  5 giant cockroaches
  6 giant newts
  8 goblins
  16 kobolds
  A quokka (D:5)
  3 rats
121 creatures vanquished.

Vanquished Creatures (others)
  2 orc wizards (D:5)
2 creatures vanquished.

Grand Total: 123 creatures vanquished

Notes
Turn   | Place    | Note
--------------------------------------------------------------
     0 | D:1      | Paddoo, the Gargoyle Wizard, began the quest for the Orb.
     0 | D:1      | Reached XP level 1. HP: 10/10 MP: 4/4
   220 | D:1      | Reached XP level 2. HP: 15/15 MP: 6/6
   556 | D:1      | Learned a level 2 spell: Blink
   559 | D:1      | Learned a level 2 spell: Repel Missiles
   656 | D:2      | Reached XP level 3. HP: 8/19 MP: 1/8
  1234 | D:2      | Reached skill level 1 in Fighting
  1234 | D:2      | Reached skill level 1 in Armour
  1241 | D:2      | Reached XP level 4. HP: 13/25 MP: 0/10
  1418 | D:2      | Found a burning altar of Makhleb.
  1420 | D:2      | Found a glowing silver altar of Zin.
  1420 | D:2      | Noticed an angel
  1422 | D:2      | Noticed a blizzard demon
  1471 | D:2      | Reached skill level 1 in Translocations
  2026 | D:3      | Reached skill level 4 in Spellcasting
  2098 | D:3      | Reached XP level 5. HP: 19/29 MP: 3/13
  2406 | D:3      | Reached skill level 1 in Maces & Flails
  3114 | D:4      | Noticed a phantom
  3145 | D:4      | HP: 1/30 [phantom (5)]
  3153 | D:4      | Killed a phantom
  3153 | D:4      | Reached XP level 6. HP: 8/36 MP: 1/15
  3474 | D:4      | Noticed Zuul's ghost (average DsSk)
  3545 | D:4      | Killed Zuul's ghost
  3545 | D:4      | Reached XP level 7. HP: 31/41 MP: 17/17
  4163 | D:5      | Entered Level 5 of the Dungeon
  4574 | D:5      | HP: 1/61 [iguana (6)]
  4576 | D:5      | Slain by an orc wizard

Action                   |  1- 3 |  4- 6 |  7- 9 || total
-------------------------+-------+-------+-------++-------
Melee: Unarmed           |     4 |       |       ||     4
       Club              |    44 |       |       ||    44
       Whip              |    76 |    14 |       ||    90
       Flail             |       |   188 |   108 ||   296
 Cast: Magic Dart        |    43 |   132 |    18 ||   193
       Blink             |       |     1 |       ||     1
  Use: Scroll            |       |     4 |     2 ||     6
       Potion            |       |     6 |     3 ||     9
 Stab: Sleeping          |     1 |     2 |       ||     3
